AoeStats
← simsekakiff

Arena

509605443Analyzed
1v1 RM · 6d ago on Sep 27, 2026· 44m 23s· 2 players
Game mode
Random Map
Map size
Tiny (2 player)
Population
200
Speed
Normal
Resources
Standard
Victory
Conquest
Starting age
Dark Age
Ending age
Imperial Age
RankedLock teamsTeams togetherTeam positionsShared explorationLock speedFull tech treeHidden civsTurbo modeCheats
Victory
Defeat
🇹🇷 Turks · Türkiye
1075
+15
🇪🇸 Franks · Spain
1051
-15
Kimik
10:11 Feudal Age
11:09 Double-Bit Axe
14:30 Loom
17:18 Castle Age
15:49 Stone Mining
16:08 Gold Mining
25:51 Wheelbarrow
27:01 Bow Saw
28:36 Hand Cart
32:57 Imperial Age
31:41 Husbandry
31:54 Forging
31:50 Scale Barding Armor
31:36 Ordonnance Companies
33:50 Iron Casting
33:17 Padded Archer Armor
34:14 Gold Shaft Mining
34:06 Ballistics
33:29 Cavalier
34:41 Conscription
35:51 Leather Archer Armor
36:29 Chivalry
37:22 Chain Barding Armor
38:05 Blast Furnace
37:44 Elite Throwing Axeman
40:04 Paladin
41:46 Plate Barding Armor
simsekakiff
10:47 Feudal Age
15:43 Castle Age
14:08 Double-Bit Axe
14:04 Horse Collar
17:03 Bow Saw
17:12 Heavy Plow
22:15 Wheelbarrow
23:15 Gold Mining
24:28 Hand Cart
24:50 Scale Barding Armor
24:55 Forging
25:57 Loom
26:05 Stone Mining
28:21 Gold Shaft Mining
28:32 Thumb Ring
30:16 Padded Archer Armor
30:53 Fletching
31:20 Husbandry
31:31 Bloodlines
31:38 Bodkin Arrow
31:58 Leather Archer Armor
32:46 Sipahi
36:11 Imperial Age
35:37 Chain Barding Armor
35:53 Iron Casting
35:23 Town Watch
36:15 Heavy Cavalry Archer
37:21 Parthian Tactics
36:59 Bracer
37:29 Ring Archer Armor
37:34 Plate Barding Armor
37:40 Conscription
37:55 Hoardings
37:22 Artillery
38:37 Two-Man Saw
37:13 Heavy Camel Rider
39:46 Blast Furnace
44:08 Masonry
44:22 Ballistics
44:13 Masonry
43:44 Treadmill Crane
45:35 Plate Barding Armor
46:00 Blast Furnace
Connection lost

Rejoining the realm…

Still unreachable

The connection could not be restored.

Session expired

The server has moved on; the page needs a fresh start.